 Dungeon Crawl Stone Soup version 0.32-a0-918-g0f22ef8d61 (webtiles) character file.

Game seed: 9341691476734396334

1481 Heh the Carver (level 8, -4/67 HPs)
             Began as a Coglin Gladiator on Apr 11, 2024.
             Slain by a gnoll sergeant
             ... wielding a +0 glaive
              (11 damage)
             ... in a bailey.
             The game lasted 00:06:35 (4853 turns).

Heh the Carver (Coglin Gladiator)                   Turns: 4853, Time: 00:06:36

Health: -4/67      AC: 10    Str: 14    XL:     8   Next: 79%
Magic:  8/8        EV: 10    Int:  7    God:
Gold:   301        SH:  0    Dex: 19    Spells: 7/7 levels left

rFire   . . .        a - +0 long sword {Doyun}
rCold   . . .        p - +0 long sword {Osbert}
rNeg    . . .        h - +0 ring mail
rPois   .            c - +0 helmet
rElec   .            l - +2 cloak
rCorr   .            (no gloves)
SInv    .            g - +0 pair of boots
Will    .....        (amulet unavailable)
Stlth   +            (ring unavailable)
HPRegen 0.31/turn    (ring unavailable)
MPRegen 0.11/turn    (no gizmo)

%: no passive effects
@: hasted, revved, very quick
A: off-hand wielding, slow wielding, warmup strikes, no jewellery
a: Invent Gizmo


You were in a bailey.
You visited 2 branches of the dungeon, and saw 8 of its levels.
You also visited: Bailey.

You collected 301 gold pieces.

Inventory:

Hand Weapons
 a - a +0 long sword (weapon) {Doyun}
 f - a +0 dagger {Enrique}
 p - a +0 long sword (offhand) {Osbert}
 t - a +0 dagger of flaming
Missiles
 d - 4 throwing nets (quivered)
 e - a javelin
Armour
 b - a +0 leather armour
 c - a +0 helmet (worn)
 g - a +0 pair of boots (worn)
 h - a +0 ring mail (worn)
 k - a +0 cloak
 l - a +2 cloak (worn)
 z - a +0 cloak
 A - an orb of guile
 D - the +0 robe "Uwaih" {rF+ rC+}
   (You found it on level 7 of the Dungeon)

   rF+:       It protects you from fire.
   rC+:       It protects you from cold.
Wands
 r - a wand of warping (10)
 x - a wand of flame (27)
 B - a wand of polymorph (9)
Scrolls
 j - 2 scrolls of teleportation
 n - 4 scrolls of noise
 o - a scroll of vulnerability
 s - a scroll of torment
 C - a scroll of enchant armour
Potions
 i - 2 potions of ambrosia
 m - a potion of brilliance
 q - a potion of might


   Skills:
 + Level 7.5 Fighting
 + Level 8.4 Long Blades
 - Level 1.7 Throwing
 - Level 2.6 Dodging


You had 7 spell levels left.
You didn't know any spells.
Your spell library contained the following spells:

 Spells                   Type           Power      Damage    Failure   Level
 Apportation              Tloc           0%         N/A       67%         1
 Jinxbite                 Hex            0%         N/A       82%         2
 Dazzling Flash           Conj/Hex       0%         N/A       96%         3
 Hailstorm                Conj/Ice       0%         3d5       96%         3
 Summon Ice Beast         Ice/Summ       0%         N/A       96%         3
 Alistair's Intoxication  Alch           0%         N/A       100%        5
 Permafrost Eruption      Ice/Erth       0%         2x4d1     100%        6
 Sculpt Simulacrum        Ice/Alch       0%         N/A       100%        6
 Starburst                Conj/Fire      0%         6d3       100%        6
 Maxwell's Capacitive Co  Air            0%         ∞         100%        8


Dungeon Overview and Level Annotations

Branches:
Dungeon (7/15)             Temple (1/1) D:4          Bailey (1/1)

Altars:
Ashenzari
Cheibriados
Dithmenos
Elyvilon
Fedhas
Gozag
Hepliaklqana
Kikubaaqudgha
Makhleb
Okawaru
Qazlal
Sif Muna
Trog
Vehumet
Xom
Yredelemnul
The Shining One

Shops:
D:1 (


Innate Abilities, Weirdness & Mutations

You can wield a second weapon in your off-hand.
It takes a long time for you to wield or remove held weapons.
Your first few attacks do less damage.
You cannot equip rings or amulets.


Message History

The gnoll sergeant seems to regain its courage.
The gnoll sergeant hits you from afar with a +0 halberd.
* * * LOW HITPOINT WARNING * * *
Okay, then.
You hit the gnoll sergeant with your +0 long sword.
The gnoll sergeant is heavily wounded.
You hit the gnoll sergeant with your +0 long sword.
The gnoll sergeant hits you but does no damage.
You closely miss the gnoll sergeant with your +0 long sword.
The gnoll sergeant is severely wounded.
You hit the gnoll sergeant with your +0 long sword.
The gnoll seems to regain its courage.
The gnoll hits you but does no damage.
You hit the gnoll sergeant but do no damage.
The gnoll sergeant is almost dead.
You slash the gnoll sergeant with your +0 long sword!
You kill the gnoll sergeant!
The gnoll hits you but does no damage.
You hit the gnoll but do no damage.
You hit the gnoll with your +0 long sword.
The gnoll hits you but does no damage.
You hit the gnoll but do no damage.
The gnoll is moderately wounded.
You hit the gnoll with your +0 long sword.
You closely miss the gnoll with your +0 long sword.
The gnoll is severely wounded.
You closely miss the gnoll with your +0 long sword.
The gnoll hits you with a +0 spear.
* * * LOW HITPOINT WARNING * * *
You hit the gnoll with your +0 long sword.
The gnoll is almost dead.
You barely miss the gnoll with your +0 long sword.
The gnoll misses you.
You closely miss the gnoll with your +0 long sword.
The gnoll is almost dead.
You barely miss the gnoll with your +0 long sword.
You completely miss the gnoll with your +0 long sword.
The gnoll is almost dead.
You hit the gnoll but do no damage. The gnoll closely misses you.
The gnoll sergeant hits you from afar with a +0 glaive!
You die...

### ♣∩♣ ♣.♣ ♣♣.♣♣
♣♣♣♣.∩.♣♣
♣♣.......♣♣♣♣
♣♣♣...........♣♣
♣♣......g÷.......
♣≈≈≈≈≈≈≈@).≈≈≈≈≈≈
≈≈....)).........
≈.......g........
≈.######'('######
#...# #...# #)..#
##'## #...#


You could see a gnoll sergeant and a gnoll.

Vanquished Creatures
  A water moccasin (D:5)
  An ogre (D:6)
  A phantom (D:6)
  A kobold brigand (D:6)
  A bullfrog (D:5)
  A gnoll sergeant (Bailey)
  4 scorpions
  3 bombardier beetles
  6 hounds
  Crazy Yiuf (D:2)
  3 jellies
  A sleepcap (D:5)
  3 iguanas
  2 orc wizards
  Natasha (thrice) (D:2)
  4 gnolls (Bailey)
  4 adders
  A shadow imp (D:6)
  2 dart slugs
  A ribbon worm (D:5)
  6 orcs
  6 endoplasms (D:1)
  3 giant cockroaches
  5 goblins
  5 hobgoblins
  4 jackals (D:5)
  6 quokkas
  7 ball pythons
  7 bats
  3 frilled lizards
  13 kobolds
  4 rats
113 creatures vanquished.

Notes
Turn   | Place    | Note
-------+----------+-------------------------------------------
     0 | D:1      | Heh the Coglin Gladiator began the quest for the Orb.
     0 | D:1      | Reached XP level 1. HP: 16/16 MP: 1/1
    76 | D:1      | Found Qusarr's Antique Weapon Shoppe.
    84 | D:1      | Reached XP level 2. HP: 21/22 MP: 2/2
   387 | D:1      | Reached skill level 4 in Long Blades
   649 | D:2      | Reached XP level 3. HP: 27/27 MP: 3/3
   665 | D:2      | Noticed Natasha
   673 | D:2      | Killed Natasha
   849 | D:2      | Found a runed translucent door.
   850 | D:2      | Noticed Crazy Yiuf
   960 | D:2      | Reached XP level 4. HP: 34/34 MP: 4/4
  1019 | D:2      | Noticed Natasha
  1032 | D:2      | Killed Natasha
  1162 | D:2      | Noticed Natasha
  1167 | D:2      | Killed Natasha
  1171 | D:2      | Reached XP level 5. HP: 30/41 MP: 5/5
  1516 | D:2      | Paralysed by Crazy Yiuf for 1 turns
  1517 | D:2      | Killed Crazy Yiuf
  1518 | D:2      | Reached skill level 5 in Long Blades
  1638 | D:3      | Found a bloodstained altar of Trog.
  1833 | D:3      | Found a faded altar of an unknown god.
  1953 | D:3      | Found a burning altar of Makhleb.
  1953 | D:3      | Noticed an Executioner
  2376 | D:4      | Reached XP level 6. HP: 41/48 MP: 6/6
  2554 | D:4      | Found an ancient bone altar of Kikubaaqudgha.
  2852 | D:4      | Found a staircase to the Ecumenical Temple.
  2959 | Temple   | Entered the Ecumenical Temple
  2970 | D:5      | Entered Level 5 of the Dungeon
  3102 | D:5      | Reached skill level 6 in Long Blades
  3137 | D:5      | Found a broken altar of Ashenzari.
  3183 | D:5      | Reached XP level 7. HP: 52/55 MP: 7/7
  3297 | D:5      | Found a white marble altar of Elyvilon.
  3304 | D:5      | Reached skill level 5 in Fighting
  3682 | D:6      | Found a shadowy altar of Dithmenos.
  3748 | D:6      | Reached skill level 7 in Long Blades
  3827 | D:6      | Reached XP level 8. HP: 64/64 MP: 8/8
  4288 | D:6      | Reached skill level 8 in Long Blades
  4481 | D:7      | Found a flagged portal.
  4524 | D:7      | Identified the +0 robe "Uwaih" {rF+ rC+}
  4533 | Bailey   | Entered a bailey
  4841 | Bailey   | HP: 3/67 [gnoll sergeant/+0 halberd (14)]
  4853 | Bailey   | Slain by a gnoll sergeant

Illustrated notes

Levels and vault maps discovered:
D:1:      saegor_arrival_simple_c, layout_loops_ring, serial_shops, shop
D:2:      layout_basic, uniq_natasha, uniq_crazy_yiuf_cottage
D:3:      layout_basic, makhleb_altar_promises_db, trog_three_pillars_becter,
          ebering_ecumenical_altar_box, kennysheep_cross_bottleneck
D:4:      layout_cave_pools, mainiacjoe_overflow_tiny_flanked, temple_green,
          serial_column_ruins, column_ruins_open_small, column_ruins_open_tiny,
          column_ruins_columns_dead_end, column_ruins_open_medium,
          column_ruins_grid_1
D:5:      layout_basic, evilmike_ruin_ashenzari, mainiacjoe_overflow_24_doors
D:6:      layout_rooms, general_overflow_altar, corexii_hall_statues_i
D:7:      layout_loops_corners, enter_bailey_6, serial_shops,
          nicolae_shop_pleasant_corner_grove
Temple:   bh_familiar_temple
Bailey:   bailey_polearm_gnolls_kennysheep, bailey

Skill      XL: |  1  2  3  4  5  6  7  8 |
---------------+-------------------------+-----
Long Blades    | 4 5 6 7 8 |  8.4
Fighting       | 3 4 6 7 |  7.5
Throwing       | |  1.7
Dodging        | |  2.6

Action                     |  1- 3 |  4- 6 |  7- 9 || total
---------------------------+-------+-------+-------++-------
  Melee: Long sword        |    55 |   181 |   199 ||   435
         Dagger            |    50 |    53 |       ||   103
  Throw: Throwing net      |     1 |       |       ||     1
    Use: Scroll            |       |       |    10 ||    10
         Potion            |       |       |     4 ||     4
   Stab: Sleeping          |       |     1 |       ||     1
 Armour: Leather armour    |    10 |       |       ||    10
         Ring mail         |    22 |   106 |    85 ||   213
  Dodge: Dodged            |    39 |    58 |    67 ||   164

Table legend: (Time is in decaauts)
 A = Elapsed time spent in this place.
 B = Non-inter-level travel time spent in this place.
 C = Inter-level travel time spent in this place.
 D = Time resting spent in this place.
 E = Time spent auto-exploring this place.
 F = Levels seen in this place.
 G = Mean time per level.
                   A        B        C        D        E       F      G
               +--------+--------+--------+--------+--------+-----+--------+
         Total |   4870 |   4652 |    218 |    256 |   3602 |   9 |  541.1 |
       Dungeon |   4557 |   4340 |    217 |      0 |   3595 |   7 |  651.0 |
        Temple |      1 |      0 |      1 |      0 |      0 |   1 |    1.0 |
        Bailey |    310 |    310 |      0 |    256 |      7 |   1 |  310.0 |
               +--------+--------+--------+--------+--------+-----+--------+

Top non-repeatable levels by time:
     D:2: 1005 daAuts
     D:6: 762 daAuts
     D:4: 710 daAuts
     D:3: 693 daAuts
     D:5: 650 daAuts
     D:1: 642 daAuts
  Bailey: 310 daAuts
     D:7: 93 daAuts
  Temple: 1 daAuts
